 Dungeon Crawl Stone Soup version 0.21-a0-153-g78480df (webtiles) character file.

10 Goblin1989 the Sneak (level 2, 0/22 HPs)
             Began as a Demonspawn Assassin on Aug 2, 2017.
             Slain by a jackal (1 damage)
             ... on level 1 of the Dungeon.
             The game lasted 00:04:18 (404 turns).

Goblin1989 the Sneak (Demonspawn Assassin)           Turns: 404, Time: 00:04:19

Health: 0/22       AC:  4    Str: 11    XL:     2   Next: 10%
Magic:  2/2        EV: 12    Int: 12    God:
Gold:   4          SH:  4    Dex: 14    Spells: 1/1 levels left

rFire    . . .     SeeInvis .   a - +2 dagger
rCold    . . .     Gourm    .   (no shield)
rNeg     . . .     Faith    .   c - +0 robe
rPois    .         Spirit   .   (no helmet)
rElec    .         Reflect  .   d - +0 cloak
rCorr    .         Harm     .   z - +0 pair of gloves
MR       .....                  (no boots)
Stlth    ++........             (no amulet)
HPRegen  0.07/turn              (no ring)
MPRegen  0.08/turn              (no ring)

@: no status effects
A: large bone plates 1
a: no special abilities


You were on level 1 of the Dungeon.
You were not hungry.

You visited 1 branch of the dungeon, and saw 1 of its levels.

You collected 4 gold pieces.

Inventory:

Hand Weapons
 a - a +2 dagger (weapon)
 w - a +0 blowgun {@w1}
Missiles
 f - 2 curare-tipped needles
 g - 5 poisoned needles
Armour
 c - a +0 robe (worn)
 d - a +0 cloak (worn)
 z - a +0 pair of gloves (worn)
Scrolls
 y - a scroll of magic mapping {unknown}
Potions
 A - a potion of berserk rage {unknown}
 C - a potion of curing {unknown}
 E - a potion of haste {unknown}
Comestibles
 e - a bread ration {@e1}
 x - a meat ration {@e2}
 B - 4 fruits
 D - 3 chunks of flesh


   Skills:
 + Level 2.0 Fighting
 + Level 2.0 Short Blades
 + Level 1.9 Throwing
 + Level 1.2 Dodging
 + Level 3.7 Stealth


You had one spell level left.
You didn't know any spells.

Dungeon Overview and Level Annotations

Branches:
Dungeon (1/15)

Altars:


Innate Abilities, Weirdness & Mutations

You are partially covered in large bone plates. (SH +4)


Message History

You regained 3 hp, and now have 10/22 hp.
MP restored: 2 The jackal closely misses you.
The jackal bites you.
* * * LOW HITPOINT WARNING * * *
The jackal barely misses you.
You see here a jackal corpse.
You take 2 damage, and have 8/22 hp.
The jackal bites you but does no damage.
The jackal bites you.
* * * LOW HITPOINT WARNING * * *
The jackal bites you.
* * * LOW HITPOINT WARNING * * *
You take 3 damage, and have 5/22 hp.
The jackal bites you but does no damage.
You block the jackal's attack.
The jackal bites you but does no damage.
The jackal closely misses you.
The jackal bites you but does no damage.
You hit the jackal.
The jackal is moderately wounded.
The jackal barely misses you.
You hit the jackal.
The jackal is heavily wounded.
The jackal misses you.
You closely miss the jackal.
The jackal is heavily wounded.
The jackal misses you.
You hit the jackal but do no damage.
The jackal is heavily wounded.
You block the jackal's attack. The jackal completely misses you.
You barely miss the jackal.
The jackal is heavily wounded.
The jackal barely misses you.
You barely miss the jackal.
The jackal is heavily wounded.
The jackal bites you.
* * * LOW HITPOINT WARNING * * *
You take 2 damage, and have 4/22 hp.
You closely miss the jackal.
The jackal is moderately wounded.
The jackal bites you but does no damage.
You block the jackal's attack.
You closely miss the jackal.
The jackal is moderately wounded.
The jackal barely misses you.
You barely miss the jackal.
The jackal is moderately wounded.
The jackal barely misses you.
You hit the jackal.
The jackal is severely wounded.
The jackal bites you but does no damage.
You hit the jackal.
The jackal is almost dead.
The jackal bites you but does no damage.
The jackal barely misses you.
You barely miss the jackal.
The jackal is almost dead.
The jackal barely misses you.
You hit the jackal but do no damage.
The jackal is almost dead.
The jackal bites you.
* * * LOW HITPOINT WARNING * * *
You take 1 damage, and have 3/22 hp.
You hit the jackal.
You kill the jackal!
You closely miss the jackal. The jackal misses you.
You hit the jackal.
The jackal is moderately wounded.
The jackal misses you. The jackal bites you.
* * * LOW HITPOINT WARNING * * *
You take 3 damage, and have 1/22 hp.
Unknown command.
Wield which item (- for none, * to show all)? (? for menu, Esc to quit)
w - a +0 blowgun (weapon)
{@w1} Quiver which item? (- for none, * to show all) (? for menu, Esc to quit)
Quivering
f - 2 curare-tipped needles for blowguns.
Quiver which item? (- for none, * to show all) (? for menu, Esc to quit)
Quivering
g - 8 poisoned needles for blowguns.
Firing (i - inventory. (,) - cycle):
g - 8 poisoned needles (quivered)
Press: ? - help, Shift-Dir - straight line, f - jackal
Aim: a jackal You shoot a poisoned needle.
The poisoned needle hits the jackal.
The jackal is poisoned.
The jackal is moderately wounded.
You block the jackal's attack.
Firing (i - inventory. (,) - cycle):
g - 7 poisoned needles (quivered)
Press: ? - help, Shift-Dir - straight line, f/p - jackal
Aim: a jackal You shoot a poisoned needle.
The poisoned needle misses the jackal.
The poisoned needle hits the kobold.
The kobold is poisoned.
The jackal closely misses you. The jackal barely misses you.
Firing (i - inventory. (,) - cycle):
g - 6 poisoned needles (quivered)
Press: ? - help, Shift-Dir - straight line, f/p - jackal
Aim: a jackal You shoot a poisoned needle.
The poisoned needle hits the jackal.
The jackal is moderately wounded.
The jackal barely misses you.
a - a +2 dagger (weapon)
The jackal bites you.
You die...

████.........█
█.......█.........
.............█
█......██.█.......
......†......█
█.................
.............█
█.......█.█......
████.........█
██████....█......
█.........██
█████.████.████..
██.....██h.█
█................
█......██.███.███.████.████..
█.....(██hKh@.█ ███ █.█ █..
█......██▲███▲████████.█ █..
███......█ █.......█ █..
..........█ █(.>....█ █..
...........█ █.......████..
......████.█ ███████.......
...... █.█ ██████.████..
...... █.█ █...██.......
......
█.██████████.<.██..███..


You could see 2 jackals and a kobold.

Vanquished Creatures
  3 hobgoblins (D:1)
  2 jackals (D:1)
  2 kobolds (D:1)
  A rat (D:1)
8 creatures vanquished.

Notes
Turn   | Place    | Note
-------+----------+-------------------------------------------
     0 | D:1      | Goblin1989 the Demonspawn Assassin began the quest for the Orb.
     0 | D:1      | Reached XP level 1. HP: 16/16 MP: 1/1
    20 | D:1      | Reached skill level 1 in Dodging
   372 | D:1      | Gained mutation: You are partially covered in large bone plates. (SH +4) [demonic ancestry]
   372 | D:1      | Reached XP level 2. HP: 10/22 MP: 2/2
   399 | D:1      | HP: 1/22 [jackal (3)]
   404 | D:1      | Slain by a jackal

Vault maps used:
D:1:      dpeg_arrival_simpleton_b, minivault_19

Skill      XL: |  1 |
---------------+----+-----
Dodging        | 1 |  1.2
Short Blades   | 2 |  2.0
Fighting       | |  2.0
Throwing       | |  1.9
Stealth        | |  3.7

Action                   || total
-------------------------++-------
Melee: Dagger            ||    42
 Fire: Blowgun           ||     3
 Stab: Sleeping          ||     1
Armor: Robe              ||    16
Dodge: Dodged            ||    42
Block: Other             ||     4

Vault maps used:
D:1:      dpeg_arrival_simpleton_b, minivault_19
